 Dungeon Crawl Stone Soup version 0.27.1 (webtiles) character file.

Game seed: 17259606581614023343

833 Descartes the Covert (level 7, -3/35 HPs)
             Began as a Spriggan Delver on Aug 31, 2021.
             Slain by an orc (6 damage)
             ... on level 6 of the Dungeon.
             The game lasted 00:19:24 (5597 turns).

Descartes the Covert (Spriggan Delver)              Turns: 5597, Time: 00:19:24

Health: -3/35      AC:  7    Str: 10    XL:     7   Next: 65%
Magic:  8/8        EV: 21    Int: 11    God:
Gold:   292        SH:  0    Dex: 17    Spells: 2/6 levels left

rFire    . . .     SeeInvis +   m - +1 dagger (venom)
rCold    . . .     Faith    .   (shield restricted)
rNeg     . . .     Spirit   .   b - +0 robe
rPois    .         Reflect  .   C - +1 hat
rElec    .         Harm     .   (no cloak)
rCorr    .         Rampage  .   (gloves unavailable)
Will     ++...                  (boots unavailable)
Stlth    +++++.....             (no amulet)
HPRegen  0.11/turn              l - ring of willpower
MPRegen  0.11/turn              t - +4 ring of protection

@: very quick
A: very small, no large weapons, unfitting armour, see invisible, speed 3
a: no special abilities


You were on level 6 of the Dungeon.
You visited 1 branch of the dungeon, and saw 6 of its levels.
You also visited: Sewer.

You collected 292 gold pieces.

Inventory:

Hand Weapons
 m - a +1 dagger of venom (weapon)
 E - a +0 shortbow
Missiles
 d - 33 poisoned darts (quivered)
 o - 87 bolts
 s - 103 stones
 v - 111 arrows
 B - 16 sling bullets
Armour
 b - a +0 robe (worn)
 C - a +1 hat (worn)
Magical Staves
 p - a staff of cold
Jewellery
 i - a +6 ring of dexterity
 l - a ring of willpower (left hand)
 t - a +4 ring of protection (right hand)
Wands
 g - a wand of digging (3)
 h - a wand of flame (25)
 r - a wand of paralysis (9)
 y - a wand of charming (9)
Scrolls
 a - 2 scrolls of magic mapping
 c - a scroll of fog
 e - 3 scrolls of fear
 f - a scroll of amnesia
 k - a scroll of noise {unknown}
 n - a scroll of blinking
 A - a scroll of vulnerability {unknown}
Potions
 j - a potion of curing
 q - 3 potions of berserk rage
 u - a potion of heal wounds {unknown}
 w - a potion of attraction {unknown}
 x - a potion of mutation {unknown}
 z - a potion of might {unknown}
 D - a potion of cancellation {unknown}


   Skills:
 - Level 2.4 Fighting
 + Level 3.7 Short Blades
 + Level 7.2 Dodging
 - Level 10.0 Stealth
 + Level 3.3 Earth Magic
 + Level 1.9 Poison Magic


You had 2 spell levels left.
You knew the following spells:

 Your Spells              Type           Power      Damage    Failure   Level
a - Sandblast             Erth           14%        2d6       9%          1
b - Ignite Poison         Fire/Tmut/Pois 1%         N/A       63%         3

Your spell library contained the following spells:

 Spells                   Type           Power      Damage    Failure   Level
 Passwall                 Tmut/Erth      2%         N/A       26%         2
 Static Discharge         Conj/Air       0%         N/A       47%         2
 Conjure Flame            Conj/Fire      0%         6-21      71%         3
 Lee's Rapid Deconstruct  Erth           3%         3d6*      94%         5
 Dispel Undead            Necr           0%         3d6       98%         4
 Sticky Flame             Conj/Fire      0%         2d3       98%         4
 Fireball                 Conj/Fire      0%         3d3       100%        5


Dungeon Overview and Level Annotations

Branches:
Dungeon (6/15)             Temple (0/1) D:6           Sewer (visited)

Altars:
Trog

Shops:
D:3 [


Innate Abilities, Weirdness & Mutations

You are very small and have problems with some larger weapons.
You are too small for most types of armour.
You have supernaturally acute eyesight. (SInv)
You cover ground extremely quickly. (Speed+++)


Message History

You barely miss the orc.
An orc priest comes into view. It is wielding a +0 short sword.
The orc misses you.
You hit the orc.
The orc is poisoned.
The orc is almost dead.
You hit the orc.
You kill the orc!
The orc warrior barely misses you.
Things that are here:
a +0 dagger; an orc corpse You hit the orc warrior but do no damage.
The orc warrior is poisoned.
The orc priest invokes the aid of Beogh against you.
Beogh smites you! The orc barely misses you.
You hit the orc warrior.
The orc warrior looks as sick as possible!
The orc warrior is lightly wounded.
The orc closely misses you.
The orc wizard gestures at you while chanting.
The magic dart hits you.
You hit the orc warrior but do no damage.
The orc warrior looks as sick as possible!
The orc warrior is lightly wounded.
The orc warrior misses you. The orc closely misses you.
You completely miss the orc warrior.
The orc warrior is lightly wounded.
The orc wizard barely misses you.
You barely miss the orc warrior.
The orc warrior is lightly wounded.
The orc warrior closely misses you. The orc closely misses you.
The orc wizard misses you.
You hit the orc warrior but do no damage.
The orc warrior looks as sick as possible!
The orc warrior is lightly wounded.
The orc priest barely misses you.
The orc warrior hits you with a +0 war axe!!
Ouch! That really hurt!
* * * LOW HITPOINT WARNING * * *
The orc hits you from afar with a +0 trident.
You die...

* *,,,,,,*****,,,***#.......... *
*******###...*########+###.####
***,,,,,,......,,............#
*,,,******.....**#........####
,,,******,,#...###.........# ,,,*
*,,,,*#...............#
,,,***,,,,***#.......###>#.#
,,,,,,,,*,** #.....#.#.....####
******,,,,,* #..@o.#....#.....#
**,*,*,**#.oo..##...#.###.#
***,,,,,,,*#..o..##.#...###,###
***,,,*,⌠,*,..#..####.#.#...#,..#
*,,,*,,,,,..#....# #.#.#...#*#.#
*,*,,,⌠,>.⌠,..#..# #.#.#...# #.#
*,,,*,,,,.,.#....# #.#.....# #.#
**,,,,*,⌠,#...#..# #.#####.# #.#
*,,*,,,,,,,***,** #...# #.###.#


You could see an orc warrior (extremely poisoned), an orc priest, an orc wizard
and an orc.

Vanquished Creatures
  An ice beast (D:5)
  Purgy (Sewer)
  An ogre (D:6)
  A centaur (D:5)
  A scorpion (D:5)
  A water moccasin zombie (D:6)
  A centaur zombie (D:6)
  2 jellies (D:5)
  A hound (D:4)
  An iguana (D:5)
  A river rat (D:6)
  7 adders
  A white imp (D:5)
  An ufetubus (D:5)
  3 worms
  16 dart slugs
  5 orcs
  7 ball pythons
  7 endoplasms
  2 giant cockroaches
  3 goblins
  9 hobgoblins
  3 jackals (D:3)
  9 kobolds
  A quokka (D:1)
  8 bats
  4 frilled lizards
  6 rats
104 creatures vanquished.

Notes
Turn   | Place    | Note
-------+----------+-------------------------------------------
     0 | D:5      | Descartes the Spriggan Delver began the quest for the Orb.
     0 | D:5      | Reached XP level 1. HP: 11/11 MP: 2/2
    22 | D:5      | Noticed a jelly
    29 | D:5      | Killed a jelly
    30 | D:5      | Reached skill level 8 in Stealth
    30 | D:5      | Reached XP level 2. HP: 16/16 MP: 3/3
    30 | D:5      | Reached XP level 3. HP: 19/19 MP: 4/4
    64 | D:5      | Noticed a scorpion
    79 | D:5      | Killed a scorpion
    80 | D:5      | Reached skill level 5 in Dodging
    80 | D:5      | Reached XP level 4. HP: 23/23 MP: 5/5
    92 | D:5      | Noticed a centaur
   183 | D:5      | Learned a level 1 spell: Sandblast
   215 | D:5      | Reached skill level 9 in Stealth
   215 | D:5      | Reached XP level 5. HP: 6/27 MP: 3/6
   678 | D:4      | You fall into a shaft and drop 2 floors!
   696 | D:6      | Found a glowing drain.
   744 | D:6      | Reached skill level 1 in Earth Magic
   761 | Sewer    | Entered a sewer
   895 | Sewer    | Noticed Purgy
   950 | Sewer    | Killed Purgy
   951 | Sewer    | Reached XP level 6. HP: 17/32 MP: 2/7
  2098 | D:3      | Found Ickome's Armour Boutique.
  2306 | D:2      | Found a bloodstained altar of Trog.
  2652 | D:1      | Got Numoethry's Guide on the Arsonist
  2666 | D:1      | Learned a level 3 spell: Ignite Poison
  2681 | D:1      | Found a faded altar of an unknown god.
  4149 | D:3      | Reached skill level 10 in Stealth
  5199 | D:5      | Reached XP level 7. HP: 30/35 MP: 8/8
  5327 | D:6      | Reached skill level 1 in Poison Magic
  5597 | D:6      | Slain by an orc

Illustrated notes

Levels and vault maps discovered:
D:1:      amcnicky_arrival_single_pillar, layout_basic,
          shapermc_ecumenical_altar_mp_ritualfount, amethyst_killhole
D:2:      layout_basic, basic_altar
D:3:      layout_loops_corners, serial_shops, shop, kennysheep_flooded_box
D:4:      kennysheep_slugbush, layout_cave_pools, kennysheep_cross_bottleneck
D:5:      layout_cave_pools, fountainhead
D:6:      minmay_polygon_palace, layout_basic, minmay_temple_entry_sparse_star,
          cheibrodos_sewer_entry_sluice, uniq_pikel

Skill      XL: |  1  2  3  4  5  6  7 |
---------------+----------------------+-----
Dodging        | 3 5 6 7 |  7.2
Stealth        | 8 9 10 | 10.0
Earth Magic    | 1 2 3 |  3.3
Short Blades   | 3 |  3.7
Poison Magic   | 1 |  1.9
Fighting       | |  2.4

Action                   |  1- 3 |  4- 6 |  7- 9 || total
-------------------------+-------+-------+-------++-------
Melee: Short sword       |     3 |   218 |       ||   221
       Rapier            |       |    83 |       ||    83
       Dagger            |       |     9 |    45 ||    54
 Cast: Sandblast         |       |    38 |     9 ||    47
Evoke: Wand              |       |    12 |     6 ||    18
  Use: Potion            |       |     2 |       ||     2
       Scroll            |       |     4 |       ||     4
 Stab: Sleeping          |     3 |    38 |       ||    41
       Distracted        |       |     2 |       ||     2
Armor: Robe              |       |    47 |     4 ||    51
Dodge: Dodged            |     1 |   268 |    37 ||   306
